 Dungeon Crawl Stone Soup version 0.29.1-4-g47bece8355 (webtiles) character file.

Game seed: 7762642012061667348

49 DildoBatman the Conjurer (level 4, -1/31 (32) HPs)
             Began as a Formicid Conjurer on Dec 2, 2022.
             Slain by an orc
             ... wielding a +0 club
              (3 damage)
             ... on level 3 of the Dungeon.
             The game lasted 00:04:38 (2405 turns).

DildoBatman the Conjurer (Formicid Conjurer)        Turns: 2405, Time: 00:04:39

HP:   -1/31 (32)    AC:  2    Str: 12    XL:     4   Next: 2%
MP:   5/8           EV:  9    Int: 19    God:
Gold: 138           SH:  0    Dex: 12    Spells: 5/8 levels left

rFire   . . .      SeeInvis +   n - +0 quarterstaff
rCold   . . .      Faith    .   (no shield)
rNeg    . . .      Spirit   .   a - +0 robe
rPois   .          Reflect  .   (helmet unavailable)
rElec   .          Harm     .   (no cloak)
rCorr   .          Rampage  .   (no gloves)
Will    .....                   (no boots)
Stlth   ++........              (no amulet)
HPRegen 0.10/turn               (no ring)
MPRegen 0.11/turn               (no ring)

@: constricted, lightly drained
A: permanent stasis, dig shafts and tunnels, antennae 3, four strong arms
a: Dig, Shaft Self


You were on level 3 of the Dungeon.
You visited 1 branch of the dungeon, and saw 3 of its levels.

You collected 138 gold pieces.

Inventory:

Hand Weapons
 c - a +0 whip
 f - a +0 trident
 n - a +0 quarterstaff (weapon)
Missiles
 d - 22 stones
 p - 2 poisoned darts
Armour
 a - a +0 robe (worn)
Wands
 k - a wand of flame (24)
Scrolls
 e - a scroll of brand weapon {unknown}
 g - 4 scrolls of identify {unknown}
 h - a scroll of silence {unknown}
 m - a scroll of teleportation {unknown}
Potions
 b - a potion of magic
 i - a potion of flight {unknown}
 j - 3 potions of curing
 l - a potion of mutation {unknown}
 o - a potion of berserk rage {unknown}


   Skills:
 * Level 1.5 Fighting
 * Level 1.4 Armour
 - Level 2.0 Dodging
 - Level 2.4 Stealth
 * Level 2.7 Spellcasting
 * Level 3.9 Conjurations


You had 5 spell levels left.
You knew the following spells:

 Your Spells              Type           Power      Damage    Failure   Level
a - Searing Ray           Conj           34%        2d5       4%          2
c - Magic Dart            Conj           68%        1d6       3%          1

Your spell library contained the following spells:

 Spells                   Type           Power      Damage    Failure   Level
 Dazzling Flash           Conj/Hex       20%        N/A       22%         3
 Gell's Gravitas          Tloc           2%         N/A       43%         3
 Inner Flame              Hex/Fire       2%         N/A       43%         3
 Teleport Other           Tloc           2%         N/A       43%         3
 Fulminant Prism          Conj/Hex       5%         3d7       56%         4
 Iskenderun's Mystic Bla  Conj/Tloc      10%        2d4       56%         4
 Cause Fear               Hex            1%         N/A       83%         4
 Dispersal                Tloc           1%         N/A       100%        6
 Discord                  Hex            1%         N/A       100%        8


Dungeon Overview and Level Annotations

Branches:
Dungeon (3/15)

Altars:
Cheibriados
Zin

Annotations:
D:1 exclusion: neqoxec
D:2 exclusion: black bear
D:3 exclusions: 2 sensed monsters (detected) and 1 more exclusion


Innate Abilities, Weirdness & Mutations

You cannot be hasted, slowed, berserked, paralysed or teleported.
You can dig through walls and to a lower floor.
You have a pair of large antennae on your head. (SInv)
Your four strong arms can wield two-handed weapons with a shield.


Message History

You shout for attention!
The ball python bites you. The ball python constricts you.
The orc barely misses you. x2
The orc hits you from afar with a +0 trident.
What are your orders? t - Shout!
Orders for allies: a - Attack new target. r - Retreat! s - Stop attacking. g - Guard the area. f - Follow me.
Anything else - Cancel.
You shout for attention!
The ball python barely misses you. The ball python constricts you.
The orc barely misses you. The orc hits you with a +0 club.
The orc hits you from afar with a +0 trident.
What are your orders? t - Shout!
Orders for allies: a - Attack new target. r - Retreat! s - Stop attacking. g - Guard the area. f - Follow me.
Anything else - Cancel.
You shout for attention!
The ball python closely misses you. The ball python constricts you.
The orc hits you with a +0 club. x2
The orc closely misses you. The ball python barely misses you.
The ball python constricts you. What are your orders? t - Shout!
Orders for allies: a - Attack new target. r - Retreat! s - Stop attacking. g - Guard the area. f - Follow me.
Anything else - Cancel.
You shout for attention!
The orc closely misses you. The orc hits you with a +0 club.
You die...

#...#..#.#.#.#
###.#..#.#.#.#
#.#..#.#...#
#รท####.##### #.#
#.#...# #.# #.#.#.#
## #.####.....# .#
#........o.#
.#######.#####oS@.###
............).wo....#
..######.#####.##.#.#
#.. {..# #....# #
....w...# ######
....o.... { ........#
#.......# .....>.


You could see a dart slug, 3 orcs and a ball python.

Vanquished Creatures
  3 dart slugs
  An orc (D:3)
  4 endoplasms
  3 giant cockroaches
  2 goblins
  5 hobgoblins
  2 quokkas
  4 ball pythons
  6 bats
  3 frilled lizards
  A kobold (D:3)
  7 rats
41 creatures vanquished.

Notes
Turn   | Place    | Note
-------+----------+-------------------------------------------
     0 | D:1      | DildoBatman the Formicid Conjurer began the quest for the
                  | Orb.
     0 | D:1      | Reached XP level 1. HP: 13/13 MP: 3/3
   180 | D:1      | Reached XP level 2. HP: 16/20 MP: 3/5
   183 | D:1      | Learned a level 2 spell: Searing Ray
   290 | D:1      | Found a faded altar of an unknown god.
   290 | D:1      | Noticed a neqoxec
   479 | D:1      | Reached skill level 1 in Fighting
   561 | D:1      | You fall into a shaft and drop 1 floor!
   819 | D:1      | Reached skill level 1 in Armour
   819 | D:1      | Reached XP level 3. HP: 26/26 MP: 4/6
  1080 | D:2      | Noticed a black bear
  2196 | D:3      | Found a snail-covered altar of Cheibriados.
  2196 | D:3      | Found a glowing silver altar of Zin.
  2395 | D:3      | Reached XP level 4. HP: 27/31 MP: 4/8
  2405 | D:3      | Slain by an orc

Illustrated notes

Levels and vault maps discovered:
D:1:      eino_arrival_water_star, layout_loops_cross,
          dreamdust_ecumenical_altar_sealed_demon, minmay_misc_feat_doors
D:2:      layout_basic
D:3:      layout_basic, mainiacjoe_overflow_divided_tiny, uniq_robin

Skill      XL: |  1  2 |
---------------+-------+-----
Dodging        | 2 |  2.0
Fighting       | 1 |  1.5
Armour         | 1 |  1.4
Stealth        | |  2.4
Spellcasting   | |  2.7
Conjurations   | |  3.9

Action                   |  1- 3 |  4- 6 || total
-------------------------+-------+-------++-------
Melee: Whip              |     9 |       ||     9
       Quarterstaff      |     4 |       ||     4
       Trident           |     2 |       ||     2
 Cast: Magic Dart        |    73 |       ||    73
 Abil: Dig               |     1 |       ||     1
Armor: Robe              |     2 |       ||     2
Dodge: Dodged            |    12 |    13 ||    25
